 Dungeon Crawl Stone Soup version 0.31-a0-154-g56bf346678 (webtiles) character file.

Game seed: 14923867616113139808

704 jasper the Caller (level 7, -8/33 HPs)
             Began as a Spriggan Summoner on June 11, 2023.
             Mangled by Pikel
             ... wielding a +2 whip of freezing
              (12 damage)
             ... on level 4 of the Dungeon.
             The game lasted 00:05:59 (2760 turns).

jasper the Caller (Spriggan Summoner)               Turns: 2760, Time: 00:06:00

Health: -8/33      AC:  2    Str:  4    XL:     7   Next: 39%
Magic:  4/12       EV: 18    Int: 19    God:
Gold:   129        SH:  0    Dex: 15    Spells: 3/12 levels left

rFire   . . .        c - +0 demon blade (protect)
rCold   . . .        (no shield)
rNeg    . . .        a - +0 robe
rPois   .            (helmet restricted)
rElec   .            (no cloak)
rCorr   .            (gloves unavailable)
SInv    +            (boots unavailable)
Will    +....        (no amulet)
Stlth   ++           (no ring)
HPRegen 0.25/turn    (no ring)
MPRegen 0.13/turn

%: no passive effects
@: very quick
A: very small, no large weapons, unfitting armour, see invisible, speed 3
a: no special abilities


You were on level 4 of the Dungeon.
You visited 1 branch of the dungeon, and saw 4 of its levels.
You also visited: Sewer.

You collected 129 gold pieces.

Inventory:

Hand Weapons
 c - a +0 demon blade of protection (weapon)
Armour
 a - a +0 robe (worn)
 j - a +0 troll leather armour {Pargi}
Wands
 f - a wand of acid (5)
Scrolls
 e - a scroll of vulnerability {unknown}
 k - a scroll of blinking
 p - a scroll of fog
 q - a scroll of teleportation
Potions
 b - a potion of magic
 d - a potion of enlightenment
 g - 3 potions of curing
 h - a potion of might
 l - a potion of brilliance
 m - a potion of heal wounds
 n - a potion of haste
 o - 3 potions of lignification {unknown}


   Skills:
 + Level 1.0 Fighting
 + Level 3.4 Dodging
 - Level 3.0 Stealth
 - Level 3.0 Spellcasting
 - Level 2.0 Hexes
 + Level 7.1 Summonings


You had 3 spell levels left.
You knew the following spells:

 Your Spells              Type           Power      Damage    Failure   Level
a - Summon Small Mammal   Summ           100%       N/A       1%          1
b - Call Imp              Summ           60%        N/A       1%          2
c - Call Canine Familiar  Summ           30%        N/A       2%          3
d - Summon Guardian Gole  Hex/Summ       20%        N/A       7%          3

Your spell library contained the following spells:

 Spells                   Type           Power      Damage    Failure   Level
 Summon Lightning Spire   Summ/Air       16%        N/A       34%         4


Dungeon Overview and Level Annotations

Branches:
Dungeon (4/15)              Sewer (visited)
 Temple: D:4-7

Altars:
Kikubaaqudgha
Qazlal

Annotations:
D:4 Pikel


Innate Abilities, Weirdness & Mutations

You are very small and have problems with some larger weapons.
You are too small for most types of armour.
You have supernaturally acute eyesight. (SInv)
You cover ground extremely quickly. (Speed+++)


Message History

Your cerulean imp barely misses the lemure.
The lemure closely misses your cerulean imp.
Pikel hits your cerulean imp with a +2 whip of freezing!
Pikel freezes your cerulean imp.
Your cerulean imp dies!
Your cerulean imp disappears in a puff of smoke!
The lemure shouts!
You now have 5/12 mp.
Casting: Call Canine Familiar (dangerous; 2% risk of failure)
Confirm with . or Enter, or press ? or * to list all spells.
A tiny devil pulls itself out of the air.
Your hound bites the lemure.
The lemure hits your hound!
Your hound bites the lemure.
The lemure dies!
You now have 3/12 mp.
Pikel closely misses you.
You completely miss Pikel.
Your hound bites Pikel.
Pikel completely misses you.
Your hound completely misses Pikel.
You closely miss Pikel.
Pikel is lightly wounded.
Your hound closely misses Pikel.
Your cerulean imp barely misses Pikel.
Pikel hits you with a +2 whip of freezing.
Pikel freezes you.
Your hound bites Pikel.
You take 5 damage, and have 28/33 hp.
You barely miss Pikel.
Pikel is lightly wounded.
Your cerulean imp barely misses Pikel.
The lemure hits you. The jelly barely misses your hound. The lemure hits you!
Pikel hits you with a +2 whip of freezing!
* * * LOW HITPOINT WARNING * * *
Pikel freezes you.
* * * LOW HITPOINT WARNING * * *
Your hound barely misses Pikel.
Your cerulean imp completely misses Pikel.
The jelly hits your hound.
Your hound is splashed with acid.
The acid corrodes your hound! The lemure hits you.
* * * LOW HITPOINT WARNING * * *
The lemure hits you but does no damage.
Pikel hits you with a +2 whip of freezing!
You die...

##......##)##.# ..###
##...##.##.# #.#..
...........### . #.#.#
##..##.......# ..
#.#.#####......##.#.#
...###....##........##.#.#
...........J...###.###.#.#
..........##h..##........#
#.....5K@5.##.##.##..#
#....#####55..##...#.#.##
#.## #.#.......##..#
#.#.###...###.#
#†#.....#####.#
#.#..##.......#
..#..#####.#### .....# #.#
####.# #.#


You could see Pikel (ally target), 3 lemures, a jelly, a friendly hound
(summoned, corroded) and a friendly cerulean imp (summoned).

Vanquished Creatures
  Grinder (D:3)
  Sigmund (D:3)
  Pargi (Sewer)
  A hound (D:4)
  A jelly (D:4)
  Jessica (D:2)
  An iguana (D:4)
  A gnoll (D:4)
  A dart slug (D:4)
  2 orcs (D:4)
  6 ball pythons
  2 endoplasms
  2 giant cockroaches
  6 hobgoblins
  5 jackals
  2 quokkas
  4 bats (D:1)
  4 frilled lizards
  4 goblins
  4 kobolds
50 creatures vanquished.

Vanquished Creatures (collateral kills)
  A lemure (D:4)
  Robin (D:3)
  2 gnolls (D:4)
  3 adders
  A worm (D:4)
  2 orcs (D:4)
  A bat (D:1)
  A giant cockroach (D:3)
  7 goblins
  A hobgoblin (D:3)
  2 jackals (D:1)
  A quokka (D:1)
  2 frilled lizards (Sewer)
  A rat (D:1)
26 creatures vanquished.

Vanquished Creatures (others)
  A goblin (D:3)
1 creature vanquished.

Grand Total: 77 creatures vanquished

Notes
Turn   | Place    | Note
-------+----------+-------------------------------------------
     0 | D:1      | jasper the Spriggan Summoner began the quest for the Orb.
     0 | D:1      | Reached XP level 1. HP: 9/9 MP: 5/5
   376 | D:1      | Reached XP level 2. HP: 13/13 MP: 3/6
   433 | D:1      | Learned a level 2 spell: Call Imp
   444 | D:1      | Found a faded altar of an unknown god.
   520 | D:1      | Reached skill level 4 in Summonings
   818 | D:2      | Noticed Jessica
   824 | D:2      | Killed Jessica
   825 | D:2      | Reached XP level 3. HP: 16/16 MP: 5/8
   829 | D:2      | Learned a level 3 spell: Call Canine Familiar
   871 | D:3      | Noticed Robin
   883 | D:3      | Noticed Sigmund
   901 | D:3      | Killed Robin
   902 | D:3      | Reached XP level 4. HP: 13/21 MP: 1/9
   909 | D:3      | Killed Sigmund
   910 | D:3      | Reached skill level 5 in Summonings
   910 | D:3      | Reached XP level 5. HP: 12/24 MP: 1/10
   958 | D:3      | Learned a level 3 spell: Summon Guardian Golem
  1026 | D:3      | Found a stormy altar of Qazlal.
  1059 | D:3      | Found an ancient bone altar of Kikubaaqudgha.
  1116 | D:3      | Found a glowing drain.
  1130 | Sewer    | Entered a sewer
  1177 | Sewer    | Reached skill level 6 in Summonings
  1179 | Sewer    | Noticed Pargi
  1194 | Sewer    | Killed Pargi
  1195 | Sewer    | Reached XP level 6. HP: 15/28 MP: 6/11
  2035 | D:3      | Noticed Grinder
  2036 | D:3      | Paralysed by Grinder for 4 turns
  2050 | D:3      | Killed Grinder
  2051 | D:3      | Reached skill level 7 in Summonings
  2051 | D:3      | Reached XP level 7. HP: 28/32 MP: 4/12
  2620 | D:4      | Reached skill level 1 in Fighting
  2738 | D:4      | Noticed Pikel
  2760 | D:4      | Mangled by Pikel

Illustrated notes

Levels and vault maps discovered:
D:1:      erik_arrival_triangle_small, layout_rooms, serial_rivers,
          chequers_serial_rivers_micro_d, chequers_serial_rivers_small_a,
          chequers_serial_rivers_micro_b, chequers_serial_rivers_marsh,
          hellmonk_ecumenical_altar_pennies_from_heaven,
          chequers_serial_rivers_micro_a
D:2:      layout_basic, nicolae_grassy_gnolls, uniq_jessica
D:3:      layout_basic, mainiacjoe_overflow_catch_the_wave,
          cheibrodos_sewer_entry_drain, uniq_robin, uniq_sigmund, uniq_grinder
D:4:      minmay_clustersquares, layout_loops_ring, uniq_pikel

Skill      XL: |  1  2  3  4  5  6  7 |
---------------+----------------------+-----
Summonings     | 4 5 6 7 |  7.1
Hexes          | 2 |  2.0
Dodging        | 3 |  3.4
Spellcasting   | 3 |  3.0
Fighting       | 1 |  1.0
Stealth        | |  3.0

Action                     |  1- 3 |  4- 6 |  7- 9 || total
---------------------------+-------+-------+-------++-------
  Melee: Demon blade       |    53 |    55 |    61 ||   169
         Punch             |       |     2 |       ||     2
   Cast: Summon Small Mamm |    13 |       |       ||    13
         Call Imp          |     6 |     3 |     5 ||    14
         Call Canine Famil |     2 |     5 |     8 ||    15
  Evoke: Wand              |       |       |     2 ||     2
    Use: Scroll            |     2 |     6 |     4 ||    12
         Potion            |       |     2 |       ||     2
   Stab: Sleeping          |     1 |     2 |     1 ||     4
 Armour: Robe              |    12 |    12 |    11 ||    35
  Dodge: Dodged            |    64 |    71 |    66 ||   201

Table legend: (Time is in decaauts)
 A = Elapsed time spent in this place.
 B = Non-inter-level travel time spent in this place.
 C = Inter-level travel time spent in this place.
 D = Time resting spent in this place.
 E = Time spent auto-exploring this place.
 F = Levels seen in this place.
 G = Mean time per level.
                   A        B        C        D        E       F      G
               +--------+--------+--------+--------+--------+-----+--------+
         Total |   2185 |   2160 |     25 |    169 |   1331 |   5 |  437.0 |
       Dungeon |   1950 |   1925 |     25 |    146 |   1237 |   4 |  487.5 |
         Sewer |    234 |    234 |      0 |     23 |     94 |   1 |  234.0 |
               +--------+--------+--------+--------+--------+-----+--------+

Top non-repeatable levels by time:
     D:3: 747 daAuts
     D:1: 594 daAuts
     D:4: 509 daAuts
   Sewer: 234 daAuts
     D:2: 99 daAuts
